[ PARTIDA AOE2 · #505940080 ]
UnrankedHunos vs Goths
Equipo del jugador · VICT
Equipo rival · DERR
[ ANÁLISIS DE REPETICIÓN · EXTRAÍDO DE LA PARTIDA GRABADA ]
Feudal
10:23
Castillos
24:05
Imperial
—
| APM promedio | 78.3 |
| APM pico | 136 |
| eAPM promedio | 32.0 |
| Aldeanos / militares | 43 / 32 |
Foco
⚔️ 30.9% · 🌾 69.1%
Archer ×22 · Militia ×6 · Knight ×3 · Skirmisher ×1
Feudal
9:32
Castillos
—
Imperial
—
| APM promedio | 37.3 |
| APM pico | 57 |
| eAPM promedio | 17.2 |
| Aldeanos / militares | 46 / 20 |
Foco
⚔️ 35.4% · 🌾 64.6%
Militia ×9 · Skirmisher ×7 · Archer ×2 · Spearman ×2
Mapa de la partida
Recursos iniciales + cada clic de construcción. Líneas = muros · curvas = relieve. ◆ oro · ⬟ piedra · ● bayas · ✦ reliquia · ◌ hueco del cierre
Tu base· Abierta — flanco sin cerrar
Base de Dynamite· Abierta — hueco de 4t
Terreno inicial suavizado · ◌ = hueco del cierre detectado · pasá el cursor para detalles
Inputs por minuto
— Pedro - - Dynamite
Build order — Pedro
147 acciones detectadas en el replay
| 0:00 | Crear | Villager (Male) |
| 0:00 | Crear | Villager (Male) |
| 0:00 | Crear | Villager (Male) |
| 0:01 | Crear | Villager (Male) |
| 1:14 | Crear | Villager (Male) |
| 1:46 | Crear | Villager (Male) |
| 2:00 | Construir | Lumber Camp |
| 2:01 | Crear | Villager (Male) |
| 2:37 | Crear | Villager (Male) |
| 2:47 | Crear | Villager (Male) |
| 3:23 | Crear | Villager (Male) |
| 3:36 | Crear | Villager (Male) |
| 4:25 | Crear | Villager (Male) |
| 4:57 | Crear | Villager (Male) |
| 5:04 | Construir | Barracks |
| 5:06 | Crear | Villager (Male) |
| 5:17 | Crear | Villager (Male) |
| 5:49 | Crear | Villager (Male) |
| 6:00 | Crear | Militia |
| 6:00 | Crear | Militia |
| 6:13 | Construir | Mill |
| 6:16 | Crear | Militia |
| 6:16 | Crear | Militia |
| 6:48 | Investigar | Loom |
| 6:49 | Crear | Villager (Male) |
| 8:13 | Investigar | Feudal Age |
| 8:13 | Investigar | Feudal Age |
| 8:19 | Crear | Villager (Male) |
| 8:23 | Construir | Lumber Camp |
| 8:54 | Construir | Mining Camp |
| 9:03 | Crear | Villager (Male) |
| 9:57 | Construir | Palisade Wall |
| 9:58 | Construir | Palisade Wall |
| 10:00 | Construir | Palisade Wall |
| 10:16 | Construir | Palisade Wall |
| 10:17 | Crear | Villager (Male) |
| 10:23 | Edad | Edad Feudal |
| 10:24 | Construir | Palisade Wall |
| 10:25 | Construir | Palisade Wall |
| 10:31 | Construir | Archery Range |
| 10:35 | Construir | Palisade Wall |
| 10:36 | Construir | Palisade Wall |
| 10:43 | Crear | Villager (Male) |
| 10:58 | Investigar | Man-at-Arms (upgrade) |
| 10:58 | Investigar | Man-at-Arms (upgrade) |
| 11:01 | Investigar | Double-Bit Axe |
| 11:01 | Crear | Villager (Male) |
| 11:13 | Construir | Archery Range |
| 11:21 | Crear | Villager (Male) |
| 11:37 | Crear | Archer |
| 11:50 | Construir | Watch Tower |
| 11:53 | Crear | Archer |
| 11:54 | Crear | Archer |
| 11:56 | Crear | Skirmisher |
| 12:19 | Crear | Archer |
| 12:19 | Crear | Archer |
| 12:26 | Crear | Villager (Male) |
| 12:31 | Construir | Farm |
| 12:59 | Crear | Villager (Male) |
| 13:00 | Crear | Archer |
| 13:01 | Construir | Farm |
| 13:02 | Construir | Farm |
| 13:23 | Construir | Palisade Wall |
| 13:24 | Construir | Palisade Wall |
| 13:24 | Construir | Palisade Wall |
| 13:28 | Crear | Villager (Male) |
| 13:31 | Construir | Blacksmith |
| 13:32 | Construir | Farm |
| 13:36 | Crear | Archer |
| 13:36 | Crear | Archer |
| 14:03 | Crear | Archer |
| 14:03 | Crear | Archer |
| 14:20 | Crear | Villager (Male) |
| 14:30 | Crear | Villager (Male) |
| 14:36 | Crear | Archer |
| 14:42 | Crear | Villager (Male) |
| 14:46 | Crear | Villager (Male) |
| 14:51 | Construir | Palisade Wall |
| 14:52 | Construir | Palisade Wall |
| 14:54 | Construir | Palisade Wall |
| 14:55 | Construir | Palisade Wall |
| 14:56 | Construir | Palisade Wall |
| 14:56 | Construir | Palisade Wall |
| 14:57 | Construir | Palisade Wall |
| 14:58 | Construir | Palisade Wall |
| 14:59 | Construir | Palisade Wall |
| 15:04 | Investigar | Fletching |
| 15:11 | Crear | Villager (Male) |
| 15:22 | Crear | Archer |
| 15:23 | Crear | Villager (Male) |
| 15:26 | Construir | Farm |
| 15:35 | Crear | Archer |
| 15:41 | Construir | Farm |
| 15:42 | Construir | Farm |
| 16:11 | Crear | Archer |
| 16:11 | Crear | Villager (Male) |
| 16:16 | Crear | Villager (Male) |
| 16:24 | Construir | Farm |
| 16:32 | Crear | Archer |
| 16:37 | Crear | Villager (Male) |
| 16:40 | Construir | Mining Camp |
| 16:50 | Crear | Archer |
| 16:51 | Crear | Archer |
| 17:01 | Crear | Villager (Male) |
| 17:12 | Construir | Farm |
| 17:13 | Construir | Farm |
| 17:14 | Crear | Archer |
| 17:14 | Crear | Archer |
| 17:38 | Crear | Villager (Male) |
| 17:40 | Construir | Farm |
| 17:50 | Crear | Archer |
| 18:00 | Construir | Farm |
| 18:13 | Construir | Farm |
| 18:27 | Construir | Farm |
| 18:34 | Crear | Villager (Male) |
| 18:49 | Crear | Militia |
| 18:49 | Crear | Militia |
| 18:51 | Construir | Farm |
| 19:03 | Crear | Villager (Male) |
| 19:05 | Construir | Farm |
| 19:07 | Construir | Farm |
| 19:37 | Crear | Villager (Male) |
| 19:47 | Construir | Farm |
| 19:54 | Crear | Villager (Male) |
| 19:59 | Crear | Archer |
| 20:00 | Crear | Archer |
| 20:23 | Construir | Market |
| 20:53 | Construir | Outpost |
| 21:17 | Construir | Lumber Camp |
| 21:25 | Investigar | Castle Age |
| 21:25 | Investigar | Castle Age |
| 21:46 | Construir | Stable |
| 21:49 | Investigar | Scale Barding Armor |
| 21:50 | Investigar | Scale Barding Armor |
| 22:23 | Construir | Lumber Camp |
| 22:25 | Crear | Villager (Male) |
| 22:44 | Construir | Stable |
| 22:59 | Construir | Farm |
| 23:25 | Construir | Farm |
| 23:32 | Crear | Villager (Male) |
| 23:45 | Investigar | Forging |
| 24:05 | Edad | Edad de los Castillos |
| 24:06 | Construir | Farm |
| 24:07 | Crear | Knight |
| 24:07 | Crear | Knight |
| 24:08 | Crear | Knight |
| 24:13 | Construir | Siege Workshop |
Build order — Dynamite
111 acciones detectadas en el replay
| 0:01 | Crear | Villager (Male) |
| 0:01 | Crear | Villager (Male) |
| 0:02 | Crear | Villager (Male) |
| 0:03 | Construir | House |
| 0:04 | Construir | House |
| 0:10 | Crear | Villager (Male) |
| 0:11 | Crear | Villager (Male) |
| 1:42 | Crear | Villager (Male) |
| 1:42 | Crear | Villager (Male) |
| 2:12 | Crear | Villager (Male) |
| 2:13 | Crear | Villager (Male) |
| 2:24 | Construir | Lumber Camp |
| 2:33 | Crear | Villager (Male) |
| 2:33 | Crear | Villager (Male) |
| 2:54 | Crear | Villager (Male) |
| 2:55 | Crear | Villager (Male) |
| 2:55 | Crear | Villager (Male) |
| 3:18 | Crear | Villager (Male) |
| 3:19 | Crear | Villager (Male) |
| 3:59 | Construir | House |
| 3:59 | Construir | House |
| 4:03 | Crear | Villager (Male) |
| 4:03 | Crear | Villager (Male) |
| 4:19 | Crear | Villager (Male) |
| 5:03 | Crear | Villager (Male) |
| 5:27 | Crear | Villager (Male) |
| 5:28 | Crear | Villager (Male) |
| 5:35 | Investigar | Loom |
| 5:37 | Crear | Villager (Male) |
| 6:17 | Construir | Barracks |
| 6:32 | Construir | Palisade Wall |
| 6:39 | Construir | Palisade Wall |
| 6:43 | Construir | Palisade Wall |
| 6:46 | Construir | Palisade Wall |
| 6:49 | Crear | Villager (Male) |
| 7:07 | Crear | Villager (Male) |
| 7:22 | Investigar | Feudal Age |
| 7:38 | Construir | Palisade Wall |
| 7:39 | Construir | Palisade Wall |
| 7:40 | Construir | Palisade Wall |
| 7:40 | Construir | Palisade Wall |
| 7:41 | Construir | Palisade Wall |
| 7:42 | Construir | Palisade Wall |
| 7:42 | Construir | Palisade Wall |
| 7:43 | Construir | Palisade Wall |
| 8:05 | Construir | Palisade Wall |
| 8:24 | Construir | Palisade Wall |
| 8:54 | Construir | Mining Camp |
| 9:01 | Crear | Villager (Male) |
| 9:17 | Crear | Militia ×2 |
| 9:32 | Edad | Edad Feudal |
| 9:43 | Construir | Archery Range |
| 9:48 | Crear | Villager (Male) |
| 10:08 | Crear | Militia |
| 10:26 | Crear | Villager (Male) |
| 10:31 | Construir | House |
| 10:39 | Crear | Archer |
| 10:40 | Crear | Archer |
| 11:03 | Construir | Palisade Wall |
| 11:04 | Construir | Palisade Wall |
| 11:04 | Construir | Palisade Wall |
| 11:05 | Construir | Palisade Wall |
| 11:05 | Construir | Palisade Wall |
| 11:06 | Construir | Palisade Wall |
| 11:07 | Construir | Palisade Wall |
| 11:13 | Construir | Blacksmith |
| 11:24 | Construir | Mill |
| 11:48 | Construir | House |
| 12:30 | Construir | Palisade Wall |
| 12:32 | Construir | Palisade Wall |
| 12:36 | Construir | Palisade Wall |
| 12:52 | Construir | Market |
| 13:25 | Construir | Farm |
| 13:50 | Construir | Watch Tower |
| 13:52 | Crear | Villager (Male) |
| 14:58 | Crear | Villager (Male) |
| 15:00 | Construir | Farm |
| 15:06 | Crear | Villager (Male) ×2 |
| 15:32 | Construir | Palisade Wall |
| 15:45 | Construir | Palisade Wall |
| 15:46 | Construir | Palisade Wall |
| 15:47 | Construir | Palisade Wall |
| 15:53 | Crear | Villager (Male) |
| 16:26 | Construir | Farm |
| 16:40 | Construir | Lumber Camp |
| 16:47 | Crear | Militia ×3 |
| 17:05 | Construir | Farm |
| 17:54 | Crear | Villager (Male) |
| 17:59 | Crear | Villager (Male) |
| 18:05 | Crear | Skirmisher |
| 18:33 | Construir | Outpost |
| 19:01 | Crear | Villager (Male) |
| 19:03 | Crear | Skirmisher ×2 |
| 19:24 | Construir | Palisade Wall |
| 19:35 | Construir | Palisade Wall |
| 20:07 | Crear | Villager (Male) ×4 |
| 20:26 | Crear | Villager (Male) |
| 20:32 | Crear | Skirmisher |
| 21:17 | Crear | Militia ×3 |
| 21:29 | Crear | Skirmisher ×3 |
| 21:34 | Construir | Farm |
| 21:38 | Construir | Farm |
| 21:44 | Investigar | Double-Bit Axe |
| 22:03 | Crear | Spearman ×2 |
| 22:23 | Crear | Villager (Male) ×3 |
| 22:27 | Construir | House |
| 22:28 | Construir | House |
| 23:31 | Crear | Villager (Male) |
| 23:32 | Construir | Farm |
| 24:01 | Crear | Villager (Male) |
| 24:05 | Construir | House |
Cronología de la partida
| 5:04 | Pedro · first_building Barracks |
| 6:17 | Dynamite · first_building Barracks |
| 6:32 | Dynamite · wall_segment Palisade Wall x1 |
| 6:39 | Dynamite · wall_segment Palisade Wall x1 |
| 6:43 | Dynamite · wall_segment Palisade Wall x1 |
| 6:46 | Dynamite · wall_segment Palisade Wall x1 |
| 7:38 | Dynamite · wall_segment Palisade Wall x1 |
| 7:39 | Dynamite · wall_segment Palisade Wall x1 |
| 7:40 | Dynamite · wall_segment Palisade Wall x1 |
| 7:40 | Dynamite · wall_segment Palisade Wall x1 |
| 7:41 | Dynamite · wall_segment Palisade Wall x1 |
| 7:42 | Dynamite · wall_segment Palisade Wall x1 |
| 7:42 | Dynamite · wall_segment Palisade Wall x1 |
| 7:43 | Dynamite · wall_segment Palisade Wall x1 |
| 8:05 | Dynamite · wall_segment Palisade Wall x3 |
| 8:24 | Dynamite · wall_segment Palisade Wall x5 |
| 9:32 | Dynamite · age_up feudal |
| 9:43 | Dynamite · first_building Archery Range |
| 9:57 | Pedro · wall_segment Palisade Wall x1 |
| 9:58 | Pedro · wall_segment Palisade Wall x1 |
| 10:00 | Pedro · wall_segment Palisade Wall x1 |
| 10:16 | Pedro · wall_segment Palisade Wall x1 |
| 10:23 | Pedro · age_up feudal |
| 10:24 | Pedro · wall_segment Palisade Wall x1 |
| 10:25 | Pedro · wall_segment Palisade Wall x1 |
| 10:31 | Pedro · first_building Archery Range |
| 10:35 | Pedro · wall_segment Palisade Wall x1 |
| 10:36 | Pedro · wall_segment Palisade Wall x1 |
| 11:03 | Dynamite · wall_segment Palisade Wall x4 |
| 11:04 | Dynamite · wall_segment Palisade Wall x1 |
| 11:04 | Dynamite · wall_segment Palisade Wall x1 |
| 11:05 | Dynamite · wall_segment Palisade Wall x1 |
| 11:05 | Dynamite · wall_segment Palisade Wall x1 |
| 11:06 | Dynamite · wall_segment Palisade Wall x1 |
| 11:07 | Dynamite · wall_segment Palisade Wall x1 |
| 12:30 | Dynamite · wall_segment Palisade Wall x1 |
| 12:32 | Dynamite · wall_segment Palisade Wall x1 |
| 12:36 | Dynamite · wall_segment Palisade Wall x1 |
| 13:23 | Pedro · wall_segment Palisade Wall x1 |
| 13:24 | Pedro · wall_segment Palisade Wall x1 |
| 13:24 | Pedro · wall_segment Palisade Wall x1 |
| 14:51 | Pedro · wall_segment Palisade Wall x2 |
| 14:52 | Pedro · wall_segment Palisade Wall x3 |
| 14:54 | Pedro · wall_segment Palisade Wall x3 |
| 14:55 | Pedro · wall_segment Palisade Wall x4 |
| 14:56 | Pedro · wall_segment Palisade Wall x1 |
| 14:56 | Pedro · wall_segment Palisade Wall x1 |
| 14:57 | Pedro · wall_segment Palisade Wall x1 |
| 14:58 | Pedro · wall_segment Palisade Wall x1 |
| 14:59 | Pedro · wall_segment Palisade Wall x1 |
| 15:05 | Dynamite · first_market_buy 100 food |
| 15:32 | Dynamite · wall_segment Palisade Wall x7 |
| 15:45 | Dynamite · wall_segment Palisade Wall x1 |
| 15:46 | Dynamite · wall_segment Palisade Wall x1 |
| 15:47 | Dynamite · wall_segment Palisade Wall x1 |
| 19:24 | Dynamite · wall_segment Palisade Wall x4 |
| 19:35 | Dynamite · wall_segment Palisade Wall x4 |
| 21:21 | Pedro · first_market_buy 100 food |
| 21:24 | Pedro · first_market_sell 100 wood |
| 21:46 | Pedro · first_building Stable |
| 24:05 | Pedro · age_up castle |
| 24:13 | Pedro · first_building Siege Workshop |
| 24:14 | Dynamite · resign |
[ ANÁLISIS IA · 1 CRÉDITO ]
¿Qué pasó realmente en esta partida?
Wolo.gg analiza cada decisión: build order, eco, micro, errores típicos por bracket. Análisis personalizado por WhatsApp o Discord en 30 segundos.
Guía civ
Hunos
Perfil
Pedro